 Dungeon Crawl Stone Soup version 0.30-a0-170-g85af917532 (webtiles) character file.

Game seed: 8628253846875385270

1679 qw the Cleaver (level 9, -25/55 HPs)
             Began as a Gargoyle Fighter on Sept 30, 2022.
             Killed from afar by Maggie (34 damage)
             ... with a bolt of fire
             ... on level 6 of the Dungeon.
             The game lasted 00:02:00 (6173 turns).

qw the Cleaver (Gargoyle Fighter)                   Turns: 6173, Time: 00:02:01

Health: -25/55     AC: 24    Str: 23    XL:     9   Next: 2%
Magic:  9/9        EV:  8    Int: 10    God:
Gold:   226        SH:  4    Dex:  9    Spells: 8/8 levels left

rFire   . . .      SeeInvis .    Y - +2 war axe (freeze)
rCold   . . .      Faith    .    c - +0 buckler
rNeg    + . .      Spirit   .    l - +0 chain mail
rPois   inf        Reflect  .    g - +1 helmet
rElec   +          Harm     .    n - +1 cloak
rCorr   .          Rampage  .    (no gloves)
Will    .....                    (no boots)
Stlth   ..........               (no amulet)
HPRegen 0.18/turn                i - +4 ring of protection
MPRegen 0.11/turn                (no ring)

@: about to teleport
A: sickness immunity, AC +6, negative energy resistance 1, electricity
resistance, torment resistance 1, petrification resistance
a: no special abilities


You were on level 6 of the Dungeon.
You visited 1 branch of the dungeon, and saw 6 of its levels.

You collected 406 gold pieces.
You spent 180 gold pieces at shops.


Innate Abilities, Weirdness & Mutations

You are immune to sickness and miasma.
Your stone body is resilient. (AC +6)
You are immune to poison.
You resist negative energy. (rN+)
You are resistant to electric shocks. (rElec)
You are resistant to unholy torment.
You are immune to petrification.


   Skills:
 - Level 6.3 Fighting
 + Level 8.9 Axes
 - Level 4.0 Armour
 - Level 1.4 Dodging
 - Level 3.2 Shields


You had 8 spell levels left.
You didn't know any spells.
Your spell library was empty.

Inventory:

Hand Weapons
 h - a +0 morningstar
 Y - a +2 war axe of freezing (weapon)
Armour
 c - a +0 buckler (worn)
 g - a +1 helmet (worn)
 l - a +0 chain mail (worn)
 n - a +1 cloak (worn)
Jewellery
 i - a +4 ring of protection (left hand)
Scrolls
 a - 3 scrolls of teleportation
 f - 2 scrolls of identify
Potions
 b - a potion of berserk rage {unknown}
 d - a potion of might
 k - a potion of curing {unknown}
 m - a potion of flight {unknown}
 p - a potion of haste
 q - a potion of attraction {unknown}

Dungeon Overview and Level Annotations

Branches:
Dungeon (6/15)
 Temple: D:4-7

Altars:
Cheibriados
Kikubaaqudgha
Nemelex Xobeh
Ru
Trog
Vehumet

Shops:
D:4 [

Annotations:
D:5 1 runed translucent door, qw's ghost, amateur GrFi
D:6 Maggie


Message History

You barely miss the scorpion.
The scorpion is almost dead.
The scorpion stings you but does no damage.
You barely miss the scorpion.
The scorpion is almost dead.
You block the scorpion's attack. The scorpion completely misses you.
You hit the scorpion. You freeze the scorpion.
You kill the scorpion!
You have reached level 9!
Your experience leads to an increase in your attributes!
Increase (S)trength, (I)ntelligence, or (D)exterity?
You feel stronger. x2
You start resting.
HP restored.
You see here a scorpion corpse.
Maggie the Vainglorious comes into view.
She is wielding a +0 war axe of distortion.
Maggie shouts!
Maggie hits you but does no damage.
You blink.
Found a scroll of enchant weapon.
Maggie hits you but does no damage.
You closely miss Maggie. Maggie hits you but does no damage.
Space warps horribly around you!
You slash Maggie! You freeze Maggie.
Maggie is lightly wounded.
Maggie hits you but does no damage. Space warps around you.
You barely miss Maggie.
Maggie is lightly wounded.
Maggie hits you with a +0 war axe of distortion.
Space warps horribly around you!
You slash Maggie! You freeze Maggie.
Maggie is moderately wounded.
Maggie barely misses you.
Maggie hits you with a +0 war axe of distortion.
Space warps around you.
6173 ||| READING 4 scrolls of teleportation.
As you read the scroll of teleportation, it crumbles to dust.
You feel strangely unstable. Maggie casts a spell at you.
The bolt of fire hits you!!
Ouch! That really hurt!
You die...

#.# #.# #.# #.#
#.# ###.#
#######.# ))..#
...?....#######.
##### #@@........
# #.######### #
#.# # #.#
###############.#
..%.............#
#################


You could see Maggie.

Vanquished Creatures
  Sigmund (D:4)
  A water moccasin (D:4)
  An ice beast (D:6)
  An ogre (D:5)
  A phantom (D:4)
  A bullfrog (D:6)
  A gnoll sergeant (D:6)
  3 scorpions
  A wight (D:6)
  7 killer bees
  2 hounds (D:5)
  2 jellies (D:5)
  4 iguanas
  A mummy (D:3)
  6 gnolls
  9 adders
  A shadow imp (D:5)
  A white imp (D:5)
  2 worms (D:2)
  4 dart slugs
  8 orcs
  7 ball pythons
  5 bats
  6 endoplasms
  4 giant cockroaches
  3 goblins
  15 hobgoblins
  6 jackals
  4 quokkas
  11 frilled lizards
  10 kobolds
  A rat (D:3)
130 creatures vanquished.

Vanquished Creatures (others)
  3 plants (D:2)
3 creatures vanquished.

Grand Total: 133 creatures vanquished

Notes
Turn   | Place    | Note
-------+----------+-------------------------------------------
     0 | D:1      | qw the Gargoyle Fighter began the quest for the Orb.
     0 | D:1      | Reached XP level 1. HP: 14/14 MP: 1/1
     0 | D:1      | 0 ||| qw: Version: 0.2-a-13-gfc7b4b4
     0 | D:1      | 0 ||| qw: Game counter: 1663
     0 | D:1      | 0 ||| qw: Always use a shield: true
     0 | D:1      | 0 ||| qw: God list: Okawaru
     0 | D:1      | 0 ||| qw: Allow faded altars: false
     0 | D:1      | 0 ||| qw: Do Orc after D:15 true
     0 | D:1      | 0 ||| qw: Do second Lair branch before Depths: true
     0 | D:1      | 0 ||| qw: Lair rune preference: random
     0 | D:1      | 0 ||| qw: Plans: Normal, Zot:1-4, God:TSO, Crypt, Tomb,
                  | Pan, Slime:5, Hells, Abyss, Orb
     0 | D:1      | 0 ||| PLANNING D:1-11
   202 | D:1      | Reached skill level 2 in Axes
   256 | D:1      | Reached XP level 2. HP: 19/19 MP: 2/2
   423 | D:1      | Found a faded altar of an unknown god.
   549 | D:1      | 549 ||| Stepping ~*~*~tactically~*~*~ (stealth).
   553 | D:1      | Reached skill level 3 in Axes
   645 | D:1      | 645 ||| Stepping ~*~*~tactically~*~*~ (stealth).
   646 | D:1      | 646 ||| Stepping ~*~*~tactically~*~*~ (stealth).
   650 | D:1      | Reached XP level 3. HP: 23/23 MP: 3/3
   652 | D:1      | 652 ||| Stepping ~*~*~tactically~*~*~ (stealth).
   871 | D:1      | 871 ||| UPGRADING to +0 chain mail.
   881 | D:1      | 881 ||| DROPPING +0 scale mail.
   882 | D:1      | 882 ||| READING 3 scrolls labelled DEUPRA KYSA.
   887 | D:1      | 887 ||| READING scroll labelled YDOICA QESE.
   888 | D:1      | 888 ||| READING scroll labelled EDOCIJ XUNNIM.
  1095 | D:2      | 1095 ||| DROPPING +0 club.
  1299 | D:2      | Identified the +7 spear "Dragon's Tongue" {venom, Fly
                  | Dex+3}
  1446 | D:2      | 1446 ||| Stepping ~*~*~tactically~*~*~ (stealth).
  1447 | D:2      | 1447 ||| Stepping ~*~*~tactically~*~*~ (stealth).
  1673 | D:2      | 1673 ||| Stepping ~*~*~tactically~*~*~ (stealth).
  1692 | D:2      | Reached XP level 4. HP: 20/28 MP: 4/4
  1692 | D:2      | 1692 ||| FLEEEEING.
  1693 | D:2      | 1693 ||| FLEEEEING.
  1694 | D:2      | 1694 ||| FLEEEEING.
  1695 | D:2      | 1695 ||| FLEEEEING.
  1697 | D:2      | 1697 ||| FLEEEEING.
  1698 | D:2      | 1698 ||| FLEEEEING.
  1699 | D:2      | 1699 ||| FLEEEEING.
  1700 | D:2      | 1700 ||| FLEEEEING.
  1701 | D:2      | 1701 ||| FLEEEEING.
  1702 | D:2      | 1702 ||| STAIRDANCE
  1773 | D:1      | 1773 ||| READING scroll labelled IFFOCA OMNESAJU.
  1774 | D:1      | 1774 ||| READING scroll labelled QAMPOX AKICSU.
  1775 | D:1      | 1775 ||| READING scroll labelled ZYMPEN NAOTO.
  1776 | D:1      | 1776 ||| READING scroll labelled WOMEYNT ESOIQ.
  2066 | D:2      | 2066 ||| READING scroll labelled KAPOUJ ISHRI.
  2119 | D:3      | Reached skill level 4 in Axes
  2208 | D:3      | 2208 ||| FLEEEEING.
  2209 | D:3      | 2209 ||| FLEEEEING.
  2252 | D:3      | 2252 ||| FLEEEEING.
  2255 | D:3      | 2255 ||| STAIRDANCE
  2286 | D:2      | 2286 ||| READING 2 scrolls of identify.
  2286 | D:2      | 2286 ||| IDENTIFYING green potion
  2289 | D:3      | 2289 ||| Stepping ~*~*~tactically~*~*~ (stealth).
  2306 | D:3      | 2306 ||| STAIRDANCE
  2575 | D:3      | 2575 ||| Stepping ~*~*~tactically~*~*~ (stealth).
  2585 | D:3      | Reached XP level 5. HP: 31/32 MP: 5/5
  2643 | D:3      | 2643 ||| Stepping ~*~*~tactically~*~*~ (stealth).
  2647 | D:3      | 2647 ||| Stepping ~*~*~tactically~*~*~ (stealth).
  2671 | D:3      | Found a snail-covered altar of Cheibriados.
  2835 | D:3      | Found a bloodstained altar of Trog.
  2882 | D:3      | 2882 ||| STAIRDANCE
  2893 | D:2      | 2893 ||| READING scroll labelled IFIOSO YGUYTO.
  2894 | D:2      | 2894 ||| READING scroll labelled OGHICKO EVEL.
  2954 | D:3      | 2954 ||| Stepping ~*~*~tactically~*~*~ (stealth).
  2961 | D:3      | Reached skill level 5 in Axes
  3063 | D:3      | 3063 ||| READING 2 scrolls of identify.
  3063 | D:3      | 3063 ||| IDENTIFYING fuming sapphire potion
  3064 | D:3      | 3064 ||| DROPPING potion of magic.
  3116 | D:4      | 3116 ||| DROPPING +0 whip.
  3241 | D:4      | Found Jijit's Antique Armour Shoppe.
  3252 | D:4      | 3252 ||| SHOPLISTING ancient chain mail (228 gold, have
                  | 203).
  3252 | D:4      | 3252 ||| SHOPLISTING jewelled ice dragon scales (1560 gold,
                  | have 203).
  3252 | D:4      | 3252 ||| SHOPLISTING plate armour (552 gold, have 203).
  3252 | D:4      | 3252 ||| BUYING runed helmet (180 gold).
  3252 | D:4      | Bought a runed helmet for 180 gold pieces
  3343 | D:4      | 3343 ||| Stepping ~*~*~tactically~*~*~ (stealth).
  3383 | D:4      | 3383 ||| READING scroll of enchant weapon.
  3383 | D:4      | 3383 ||| ENCHANTING +1 war axe of freezing.
  3399 | D:4      | Found an ancient bone altar of Kikubaaqudgha.
  3440 | D:4      | Noticed a water moccasin
  3441 | D:4      | 3441 ||| Stepping ~*~*~tactically~*~*~ (stealth).
  3445 | D:4      | 3445 ||| Stepping ~*~*~tactically~*~*~ (stealth).
  3450 | D:4      | 3450 ||| Stepping ~*~*~tactically~*~*~ (stealth).
  3451 | D:4      | 3451 ||| Stepping ~*~*~tactically~*~*~ (stealth).
  3462 | D:4      | 3462 ||| Stepping ~*~*~tactically~*~*~ (stealth).
  3493 | D:4      | Killed a water moccasin
  3494 | D:4      | Reached XP level 6. HP: 32/40 MP: 6/6
  3617 | D:4      | 3617 ||| Stepping ~*~*~tactically~*~*~ (stealth).
  3619 | D:4      | 3619 ||| Stepping ~*~*~tactically~*~*~ (stealth).
  3670 | D:4      | Found a sacrificial altar of Ru.
  3815 | D:4      | Noticed Sigmund
  3816 | D:4      | 3816 ||| Stepping ~*~*~tactically~*~*~ (hiding).
  3827 | D:4      | Killed Sigmund
  3828 | D:4      | Reached skill level 6 in Axes
  3828 | D:4      | Reached XP level 7. HP: 27/44 MP: 7/7
  4079 | D:4      | Reached skill level 1 in Dodging
  4271 | D:4      | 4271 ||| UPGRADING to +1 helmet.
  4276 | D:4      | 4276 ||| UPGRADING to +4 ring of protection.
  4277 | D:4      | 4277 ||| DRINKING 2 sedimented white potions.
  4278 | D:4      | 4278 ||| DROPPING potion of invisibility.
  4290 | D:5      | Entered Level 5 of the Dungeon
  4319 | D:5      | Found a runed translucent door.
  4320 | D:5      | Noticed qw's ghost (amateur GrFi)
  4335 | D:5      | 4335 ||| Stepping ~*~*~tactically~*~*~ (hiding).
  4529 | D:5      | 4529 ||| Stepping ~*~*~tactically~*~*~ (hiding).
  4530 | D:5      | 4530 ||| Stepping ~*~*~tactically~*~*~ (hiding).
  4805 | D:5      | Reached skill level 7 in Axes
  5003 | D:5      | Reached XP level 8. HP: 45/49 MP: 8/8
  5012 | D:5      | HP: 11/49 [killer bee (2)]
  5013 | D:5      | 5013 ||| READING 6 scrolls of teleportation.
  5014 | D:5      | 5014 ||| DRINKING potion of heal wounds.
  5017 | D:5      | Reached skill level 8 in Axes
  5551 | D:5      | 5551 ||| UPGRADING to +1 cloak.
  5556 | D:5      | 5556 ||| READING scroll labelled ICVOTI EKAUS.
  5557 | D:5      | 5557 ||| DRINKING 2 black potions.
  5558 | D:5      | 5558 ||| READING 3 scrolls of identify.
  5558 | D:5      | 5558 ||| IDENTIFYING lumpy red potion
  5559 | D:5      | 5559 ||| READING 2 scrolls of identify.
  5559 | D:5      | 5559 ||| IDENTIFYING yellow potion
  5560 | D:5      | 5560 ||| DROPPING potion of ambrosia.
  5561 | D:5      | 5561 ||| DROPPING potion of degeneration.
  5617 | D:6      | Reached skill level 6 in Fighting
  5622 | D:6      | HP: 9/51 [gnoll/+0 club[a gnoll sergeant] (4)]
  5623 | D:6      | 5623 ||| READING 5 scrolls of teleportation.
  6001 | D:6      | Found a radiant altar of Vehumet.
  6006 | D:6      | Found a sparkling altar of Nemelex Xobeh.
  6012 | D:6      | 6012 ||| Stepping ~*~*~tactically~*~*~ (stealth).
  6058 | D:6      | 6058 ||| Stepping ~*~*~tactically~*~*~ (stealth).
  6071 | D:6      | 6071 ||| DROPPING +0 flail.
  6101 | D:6      | Reached XP level 9. HP: 46/55 MP: 9/9
  6164 | D:6      | Noticed Maggie
  6172 | D:6      | HP: 9/55 [Maggie/+0 war axe of distortion (6)]
  6173 | D:6      | 6173 ||| READING 4 scrolls of teleportation.
  6173 | D:6      | Killed from afar by Maggie

Levels and vault maps discovered:
D:1:      co_arrival_square_in_a_square_in_a_square, layout_loops_cross,
          hellmonk_ecumenical_altar_leap_of_faith, minmay_misc_feat_rows,
          serial_park_tiny_2, minivault_24
D:2:      layout_loops_corners, minmay_lizard_king
D:3:      layout_rooms, lightli_temple_of_fire, slow_altar_1
D:4:      nicolae_cairo_tiling_very_big, layout_basic, lemuel_crystal_altar,
          nicolae_kikubaaqudgha_miasma_corner, serial_shops, nicolae_shop_stone,
          minmay_manual_mess, uniq_sigmund
D:5:      layout_basic, ebering_ghost_reflecting_pool, grunt_tough_drop
D:6:      layout_loops_ring, jmf_multi_god_temple,
          gammafunk_ghost_abyssal_escape, serial_shops, nicolae_stop_n_shop_2,
          uniq_maggie

Skill      XL: |  1  2  3  4  5  6  7  8 |
---------------+-------------------------+-----
Axes           | 2 3 4 5 6 7 8 |  8.9
Fighting       | 5 6 |  6.3
Dodging        | 1 |  1.4
Armour         | 4 |  4.0
Shields        | |  3.2

Action                   |  1- 3 |  4- 6 |  7- 9 || total
-------------------------+-------+-------+-------++-------
Melee: War axe           |    93 |   149 |   129 ||   371
Throw: Boomerang         |    31 |       |       ||    31
  Use: Scroll            |     3 |    10 |     6 ||    19
       Potion            |       |       |     3 ||     3
 Stab: Distracted        |       |     1 |       ||     1
Armor: Scale mail        |    22 |       |       ||    22
       Chain mail        |    38 |    71 |   140 ||   249
Dodge: Dodged            |    29 |    42 |    54 ||   125
Block: Buckler           |    17 |    22 |    34 ||    73

Table legend:
 A = Non-vault XP
 B = Vault XP
 C = Vault XP percentage of total XP
 D = Non-vault monster count
 E = Vault monster count
 F = Vault count percentage of total count
                 A         B        C        D         E       F
            +---------+---------+-------+---------+---------+-------
      Total |    1693 |     706 |  29.4 |     110 |      20 |  15.4
            +---------+---------+-------+---------+---------+-------
        D:1 |      40 |       0 |   0.0 |      22 |       0 |   0.0
        D:2 |      47 |       9 |  16.1 |      15 |       9 |  37.5
        D:3 |     120 |      18 |  13.0 |      26 |       1 |   3.7
        D:4 |     312 |     397 |  56.0 |      18 |       4 |  18.2
        D:5 |     669 |     128 |  16.1 |      20 |       4 |  16.7
        D:6 |     505 |     154 |  23.4 |       9 |       2 |  18.2
            +---------+---------+-------+---------+---------+-------
